 Dungeon Crawl Stone Soup version 0.17-a0-129-g9432df0 (webtiles) character file.

413 Ngotmuk the Cudgeler (level 6, -10/55 HPs)
             Began as a Deep Dwarf Fighter on Mar 24, 2015.
             Was a Follower of Ru.
             Mangled by an orc warrior
             ... wielding a +0 hand axe
              (13 damage)
             ... on level 4 of the Dungeon.
             The game lasted 00:08:44 (2233 turns).

Ngotmuk the Cudgeler (Deep Dwarf Fighter)           Turns: 2233, Time: 00:08:44

Health: -10/55     AC: 10    Str: 22    XL:     6   Next: 59%
Magic:  6/6        EV:  9    Int:  8    God:    Ru [*.....]
Gold:   179        SH:  0    Dex: 16    Spells: 0 memorised, 5 levels left

rFire  x . .     SeeInvis .     n - +0 morningstar
rCold  + . .     Clarity  .     b - +1 scale mail
rNeg   . . .     SustAb   .     (no shield)
rPois  .         Gourm    .     g - +0 helmet
rElec  .         Spirit   .     h - +0 cloak
rCorr  .         Warding  .     (no gloves)
rMut   .         Stasis   .     (no boots)
MR     .....                    (no amulet)
Stlth  ..........               o - +4 ring of dexterity
                                i - ring of ice

@: non-regenerating, not resistant to hostile enchantments, extremely unstealthy
A: damage resistance, recharge devices, sense surroundings 1, slow healing 3, no
earth magic, no summoning magic, no transmutations magic
a: Device Recharging, Renounce Religion


You were on level 4 of the Dungeon.
You worshipped Ru.
Ru was aware of your devotion.
You were not hungry.

You visited 1 branch of the dungeon, and saw 4 of its levels.

You collected 179 gold pieces.

Inventory:

Hand weapons
 n - a +0 morningstar (weapon)
Armour
 b - a +1 scale mail (worn)
 g - a +0 helmet (worn)
 h - a +0 cloak (worn)
Jewellery
 i - a ring of ice (left hand)
 o - a +4 ring of dexterity (right hand)
Magical devices
 d - a wand of heal wounds (2)
Scrolls
 j - a scroll of identify
 k - a scroll of recharging
 q - a scroll of teleportation
 t - 2 scrolls of amnesia
 w - a scroll of enchant armour
Potions
 e - 2 potions of might
 l - a potion of curing
 p - a potion of agility {unknown}
 s - 2 potions of poison {unknown}
 u - a potion of flight {unknown}
 x - a potion of mutation {unknown}
Books
 r - a book of Alchemy

   Spells                             Type                      Level
   a - Sublimation of Blood           Necromancy                   2
   b - Alistair's Intoxication        Transmutation/Poison         4
   c - Condensation Shield            Ice                          4
   d - Petrify                        Transmutation/Earth          4
   e - Ignite Poison                  Fire/Transmutation           5
   f - Irradiate                      Conjuration/Transmutation    5
Comestibles
 a - a beef jerky
 c - 2 meat rations
 f - 4 bread rations
 v - 5 fruits


   Skills:
 - Level 2.6 Fighting
 * Level 7.2 Maces & Flails
 - Level 3.2 Armour
   Level 3.2 Shields


You had 5 spell levels left.
You didn't know any spells.

Dungeon Overview and Level Annotations

Branches:
Dungeon (4/15)
 Temple: D:4-7

Altars:
Cheibriados
Elyvilon
Qazlal
Ru
Sif Muna
The Shining One

Shops:
D:4 %


Innate Abilities, Weirdness & Mutations

You are resistant to damage.
You can recharge devices by infusing magical energy.
You passively map a small area around you.
You do not heal naturally.
You cannot study or cast Earth magic.
You cannot study or cast Summoning magic.
You cannot study or cast Transmutations magic.


Message History

The orc warrior hits you with a hand axe!
You closely miss the orc warrior. You hit the orc warrior!
The orc warrior is moderately wounded.
The orc warrior closely misses you.
You hit the orc warrior.
The orc warrior is heavily wounded.
The orc warrior hits you with a hand axe!
* * * LOW HITPOINT WARNING * * *
You barely miss the orc warrior.
The orc warrior is heavily wounded.
The orc warrior hits you with a hand axe!
* * * LOW HITPOINT WARNING * * *
You closely miss the orc warrior.
The orc warrior is heavily wounded.
The orc warrior closely misses you.
You hit the orc warrior but do no damage.
The orc warrior is heavily wounded.
The orc warrior hits you with a hand axe!
You die...

########## #........# ** *
#....[...# ## #........#
#. #........# #. <
#........# #.
,#.#.######........######.
, ,
....o{oo@................
#.#.####################.
, , , , .........†.".....
* *, .###############. , ,
, #. , , #. , #. *
#######. , #.....#.


You could see an orc warrior, an orc priest and an orc.

Vanquished Creatures
  Edmund (D:4)
  An orc wizard (D:4)
  An orc priest (D:3)
  An iguana (D:4)
  A worker ant (D:4)
  Jessica (D:2)
  5 adders
  4 worms (D:2)
  An adder skeleton (D:4)
  2 giant geckos (D:3)
  An ooze (D:2)
  12 orcs
  5 bats
  3 giant cockroaches
  10 goblins
  8 hobgoblins
  4 jackals
  13 kobolds
  2 quokkas
  4 giant newts
  8 rats
88 creatures vanquished.

Notes
Turn   | Place    | Note
--------------------------------------------------------------
     0 | D:1      | Ngotmuk, the Deep Dwarf Fighter, began the quest for the Orb.
     0 | D:1      | Reached XP level 1. HP: 20/20 MP: 1/1
   151 | D:1      | Reached XP level 2. HP: 25/27 MP: 2/2
   688 | D:2      | Found a sacrificial altar of Ru.
   698 | D:2      | Became a worshipper of Ru the Awakened
   705 | D:2      | Reached XP level 3. HP: 20/33 MP: 3/3
   721 | D:2      | Found a stormy altar of Qazlal.
   723 | D:2      | Noticed an earth elemental
   727 | D:2      | Noticed an air elemental
   732 | D:2      | Noticed a fire elemental
   732 | D:2      | Noticed a water elemental
   762 | D:2      | Found a glowing golden altar of the Shining One.
   838 | D:2      | Found a snail-covered altar of Cheibriados.
   897 | D:2      | Noticed Jessica
   914 | D:2      | Killed Jessica
   914 | D:2      | Reached skill level 4 in Maces & Flails
   970 | D:2      | Reached XP level 4. HP: 14/40 MP: 4/4
  1194 | D:2      | Found a white marble altar of Elyvilon.
  1341 | D:3      | Reached skill level 5 in Maces & Flails
  1410 | D:3      | Reached XP level 5. HP: 17/46 MP: 5/5
  1497 | D:3      | Gained mutation: You cannot study or cast Earth magic. [Ru sacrifice]
  1497 | D:3      | Gained mutation: You cannot study or cast Transmutations magic. [Ru sacrifice]
  1497 | D:3      | Gained mutation: You cannot study or cast Summoning magic. [Ru sacrifice]
  1497 | D:3      | Acquired Ru's first power
  1790 | D:3      | Found a deep blue altar of Sif Muna.
  1925 | D:4      | Reached skill level 6 in Maces & Flails
  2024 | D:4      | Noticed Edmund
  2088 | D:4      | Killed Edmund
  2088 | D:4      | Reached XP level 6. HP: 26/55 MP: 6/6
  2102 | D:4      | Found Bisin's Food Emporium.
  2161 | D:4      | Reached skill level 7 in Maces & Flails
  2213 | D:4      | Noticed an orc warrior
  2233 | D:4      | Mangled by an orc warrior

Action                   |  1- 3 |  4- 6 || total
-------------------------+-------+-------++-------
Melee: Flail             |   138 |   122 ||   260
       Morningstar       |       |   197 ||   197
Invok: Sacrifice Arcana  |       |     1 ||     1
Evoke: Wand              |     1 |     6 ||     7
  Use: Scroll            |     3 |     3 ||     6
  Eat: Beef jerky        |       |     1 ||     1
       Bread ration      |       |     1 ||     1
